 Dungeon Crawl Stone Soup version 0.22-b1-26-g9dbaab1 (webtiles) character file.

3151 dvd the Cudgeler (level 9, -11/85 HPs)
             Began as a Troll Hunter on Aug 6, 2018.
             Was a Believer of Okawaru.
             Killed from afar by Erica (22 damage)
             ... with an orb of energy
             ... on level 7 of the Dungeon.
             The game lasted 00:21:10 (7476 turns).

dvd the Cudgeler (Troll Hunter)                     Turns: 7476, Time: 00:21:11

Health: -11/85     AC:  8    Str: 23    XL:     9   Next: 62%
Magic:  15/17      EV: 15    Int:  7    God:    Okawaru [**....]
Gold:   484        SH:  4    Dex: 12    Spells: 8/8 levels left

rFire    . . .     SeeInvis .   a - +1 morningstar (protect)
rCold    + . .     Gourm    +   (no shield)
rNeg     . . .     Faith    .   h - +2 robe {rC+}
rPois    .         Spirit   .   (helmet restricted)
rElec    .         Reflect  +   v - +0 cloak
rCorr    .         Harm     .   (gloves unavailable)
MR       +....                  (boots unavailable)
Stlth    +++.......             n - +4 amulet of reflection
HPRegen  0.64/turn              N - ring of protection from magic
MPRegen  0.15/turn              K - ring of magical power

@: heroism
A: large, unfitting armour, claws 3, fast metabolism 3, gourmand, regeneration
1, shaggy fur 1, tough skin 2
a: Heroism, Renounce Religion


You were on level 7 of the Dungeon.
You worshipped Okawaru.
Okawaru was pleased with you.
You were very full.

You visited 2 branches of the dungeon, and saw 9 of its levels.
You also visited: Sewer.

You collected 484 gold pieces.

Inventory:

Hand Weapons
 a - a +1 morningstar of protection (weapon)
 b - a +0 hand axe of chopping
 c - a +4 quarterstaff of chaos
 y - a +0 giant spiked club
 Q - the +7 Singing Sword
   (You found it on level 7 of the Dungeon)
Missiles
 d - 2 javelins (quivered)
 g - a throwing net
 A - 4 tomahawks
 B - 2 large rocks
Armour
 h - a +2 robe of cold resistance (worn)
 v - a +0 cloak (worn)
Magical Staves
 D - an uncursed staff of death
Jewellery
 n - a +4 amulet of reflection (around neck)
 s - a +2 ring of intelligence
 K - a ring of magical power (right claw)
 M - an uncursed ring of protection from magic
 N - a ring of protection from magic (left claw)
Wands
 F - a wand of enslavement (25)
 G - a wand of paralysis (12)
 O - a wand of flame (32)
Scrolls
 j - 2 scrolls of fear {unknown}
 l - a scroll of amnesia {unknown}
 m - 4 scrolls of teleportation {unknown}
 o - 7 scrolls of identify {unknown}
 p - 3 scrolls of remove curse {unknown}
 t - 2 scrolls of blinking {unknown}
 w - 2 scrolls of magic mapping {unknown}
 C - a scroll of noise {unknown}
 J - a scroll of enchant weapon {unknown}
Potions
 e - a potion of lignification {unknown}
 i - 3 potions of might {unknown}
 k - 2 potions of brilliance {unknown}
 q - 4 potions of haste {unknown}
 r - a potion of heal wounds
 u - 4 potions of curing
 x - a potion of flight {unknown}
 z - a potion of magic {unknown}
 E - a potion of cancellation {unknown}
 H - a potion of berserk rage
 I - a potion of mutation {unknown}
 L - a potion of degeneration {unknown}
Comestibles
 f - 14 rations
 P - 4 chunks of flesh


   Skills:
 + Level 4.5(9.5) Fighting
 + Level 2.7(10.0) Axes
 + Level 7.3(12.6) Maces & Flails
 + Level 6.3(11.3) Throwing
 + Level 5.1(10.1) Dodging
 + Level 1.7(6.7) Stealth
 + Level 1.4(6.4) Unarmed Combat
 + Level 0.3 Invocations


You had 8 spell levels left.
You didn't know any spells.
Your spell library contained the following spells:

 Spells                   Type           Power        Failure   Level  Hunger
 Confuse                  Hex            #.......     80%         3    ####...
 Stone Arrow              Conj/Erth      #.....       80%         3    ####...
 Confusing Touch          Hex            #.....       43%         1    ##.....
 Passwall                 Tmut/Erth      #.......     56%         2    ###....
 Metabolic Englaciation   Hex/Ice        #.........   100%        5    ######.
 Lee's Rapid Deconstruct  Erth           #.........   100%        5    ######.
 Sandblast                Erth           #.....       43%         1    ##.....
 Petrify                  Tmut/Erth      #.......     99%         4    #####..
 Gell's Gravitas          Tloc           #.........   80%         3    ####...
 Yara's Violent Unravell  Hex/Tmut       #.........   100%        5    ######.


Dungeon Overview and Level Annotations

Branches:
Dungeon (8/15)             Temple (1/1) D:6
   Lair: D:8-11

Altars:
Ashenzari
Cheibriados
Dithmenos
Elyvilon
Fedhas
Gozag
Hepliaklqana
Kikubaaqudgha
Makhleb
Nemelex Xobeh
Okawaru
Qazlal
Ru
Sif Muna
Trog
Uskayaw
Vehumet
Wu Jian
Xom
Yredelemnul
Zin
The Shining One

Annotations:
D:7 Erica


Innate Abilities, Weirdness & Mutations

You are too large for most types of armour.
You have claws for hands.
Your metabolism is lightning-fast.
You like to eat raw meat.
Your natural rate of healing is unusually fast.
You are covered in fur. (AC +1)
You have very tough skin. (AC +2)


Message History

The orb of energy hits you!
You closely miss something. Something hits you! Something burns you.
You miss something. You closely miss something. Something hits you!
* * * LOW HITPOINT WARNING * * *
Something burns you.
* * * LOW HITPOINT WARNING * * *
You swap places.
You hear some strange, mumbled words.
An orb of energy appears from out of thin air!
The orb of energy hits the freed slave.
The freed slave dies!
The orb of energy explodes!
The mystic blast hits you!
* * * LOW HITPOINT WARNING * * *
Things that are here:
2 chunks of flesh; an animal skin You hear some strange, mumbled words.
An orb of energy appears from out of thin air!
The orb of energy hits you!
You die...

#.# #.# #.# #.#
######## #.#
#{>....# #.#
#[####.# #.# #%#
#.# ##.## #@#
##.#######...#
#.###......##.....
#......###.###....
#####.## #........
#.# ######.## #.#
#.# #.# ##'## #.#
##...# #.# ##.....


There were no monsters in sight!

Vanquished Creatures
  Pikel (D:7)
  Sigmund (D:3)
  3 yaks (D:7)
  A phantom (D:4)
  An ice beast (D:8)
  A necrophage (D:6)
  3 slaves (D:7)
  4 ogres
  A crocodile (D:7)
  3 big kobolds (Sewer)
  7 scorpions
  A bullfrog zombie (D:7)
  2 orc priests (D:7)
  2 centaur skeletons
  A hound (D:5)
  A bullfrog skeleton (D:6)
  Crazy Yiuf (D:3)
  A jelly (D:6)
  5 orc wizards
  Jessica (D:2)
  3 iguanas
  Natasha (thrice) (D:4)
  2 worker ants
  A gnoll (D:1)
  8 adders
  4 shadow imps
  4 worms
  2 dart slugs
  7 leopard geckos
  30 orcs
  3 ball pythons
  4 giant cockroaches
  11 goblins
  8 hobgoblins
  2 jackals (D:6)
  5 quokkas
  13 bats
  4 frilled lizards
  A jackal skeleton (D:6)
  13 kobolds
  A leopard gecko skeleton (D:3)
  A leopard gecko zombie (D:6)
  A quokka zombie (D:6)
  7 rats
179 creatures vanquished.

Vanquished Creatures (others)
  A slave (D:7)
  7 fungi (D:7)
8 creatures vanquished.

Grand Total: 187 creatures vanquished

Notes
Turn   | Place    | Note
-------+----------+-------------------------------------------
     0 | D:1      | dvd the Troll Hunter began the quest for the Orb.
     0 | D:1      | Reached XP level 1. HP: 19/19 MP: 0/0
    91 | D:1      | Reached XP level 2. HP: 27/27 MP: 1/1
   249 | D:1      | Reached XP level 3. HP: 35/35 MP: 2/2
   306 | D:1      | Reached skill level 1 in Unarmed Combat
  1050 | D:2      | Found a sacrificial altar of Ru.
  1211 | D:2      | Reached XP level 4. HP: 42/42 MP: 3/3
  1424 | D:2      | Found a glowing silver altar of Zin.
  1823 | D:3      | Noticed Sigmund
  1823 | D:3      | Noticed Jessica
  1833 | D:2      | Killed Jessica
  1984 | D:3      | Found a runed door.
  1988 | D:3      | Noticed Crazy Yiuf
  1995 | D:3      | Killed Crazy Yiuf
  1995 | D:3      | Reached skill level 1 in Axes
  1995 | D:3      | Reached XP level 5. HP: 36/49 MP: 0/4
  2109 | D:4      | Found a glowing drain.
  2154 | Sewer    | Entered a sewer
  2233 | Sewer    | Reached skill level 1 in Maces & Flails
  2272 | Sewer    | Reached XP level 6. HP: 44/59 MP: 5/5
  2572 | D:4      | Reached skill level 5 in Throwing
  2572 | D:4      | Reached XP level 7. HP: 61/66 MP: 6/6
  2604 | D:4      | Noticed Natasha
  2616 | D:4      | Killed Natasha
  2634 | D:4      | Noticed Natasha
  2636 | D:4      | Killed Natasha
  2636 | D:4      | Reached skill level 1 in Stealth
  2699 | D:4      | Reached skill level 2 in Maces & Flails
  3228 | D:4      | Noticed Natasha
  3242 | D:4      | Killed Natasha
  3558 | D:3      | Killed Sigmund
  3558 | D:3      | Reached skill level 3 in Maces & Flails
  3558 | D:3      | Reached XP level 8. HP: 75/75 MP: 7/7
  3697 | D:3      | Found a radiant altar of Vehumet.
  3920 | D:5      | Entered Level 5 of the Dungeon
  4811 | D:6      | Found a staircase to the Ecumenical Temple.
  4821 | Temple   | Entered the Ecumenical Temple
  4921 | Temple   | Became a worshipper of Warmaster Okawaru
  4959 | D:6      | Reached skill level 4 in Maces & Flails
  5105 | D:6      | Found a hazy altar of Hepliaklqana.
  5484 | D:6      | Found a basalt altar of Yredelemnul.
  5959 | D:7      | Reached * piety under Okawaru
  5959 | D:7      | Reached skill level 5 in Maces & Flails
  7034 | D:7      | Reached skill level 6 in Maces & Flails
  7034 | D:7      | Reached XP level 9. HP: 52/84 MP: 8/8
  7055 | D:7      | Reached ** piety under Okawaru
  7235 | D:7      | Found the +7 Singing Sword
  7329 | D:8      | Found a blossoming altar of Fedhas.
  7332 | D:8      | Noticed Pikel
  7373 | D:8      | Noticed Erica
  7378 | D:8      | Paralysed by Pikel for 2 turns
  7449 | D:7      | Killed Pikel
  7449 | D:7      | Reached skill level 7 in Maces & Flails
  7449 | D:7      | Reached skill level 5 in Dodging
  7476 | D:7      | Killed from afar by Erica

Skill      XL: |  1  2  3  4  5  6  7  8  9 |
---------------+----------------------------+-----
Throwing       | 4 5 6 |  6.3
Unarmed Combat | 1 |  1.4
Dodging        | 2 3 4 5 |  5.1
Axes           | 1 2 |  2.7
Fighting       | 2 3 4 |  4.5
Maces & Flails | 1 3 6 7 |  7.3
Stealth        | 1 |  1.7
Invocations    | |  0.3

Action                   |  1- 3 |  4- 6 |  7- 9 || total
-------------------------+-------+-------+-------++-------
Melee: Unarmed           |    71 |       |       ||    71
       Hand axe          |    32 |    76 |     7 ||   115
       Morningstar       |       |    81 |   301 ||   382
       Mace              |       |       |    39 ||    39
       Punch             |       |       |     3 ||     3
Throw: Large rock        |    24 |    11 |     5 ||    40
       Javelin           |       |    21 |    56 ||    77
       Throwing net      |       |     1 |     2 ||     3
Invok: Heroism           |       |       |     5 ||     5
  Use: Potion            |       |     2 |     2 ||     4
 Stab: Distracted        |       |     1 |     1 ||     2
       Sleeping          |       |       |     2 ||     2
  Eat: Chunk             |    17 |    14 |    42 ||    73
       Ration            |       |       |     1 ||     1
Armor: Robe              |    40 |    96 |   122 ||   258
Dodge: Dodged            |    67 |    85 |   211 ||   363
Block: Other             |       |       |    38 ||    38
